 Dungeon Crawl Stone Soup version 0.20.1-1-g8b1a95d (webtiles) character file.

284 letownia2 the Grave Robber (level 6, 0/73 HPs)
             Began as a Deep Dwarf Necromancer on Nov 29, 2017.
             Killed by nerve-wracking pain
             ... invoked by Menkaure
              (4 damage)
             ... on level 4 of the Dungeon.
             The game lasted 00:07:22 (1792 turns).

letownia2 the Grave Robber (Deep Dwarf Necromancer) Turns: 1792, Time: 00:07:23

Health: 0/73       AC:  5    Str: 17    XL:     6   Next: 7%
Magic:  9/9        EV: 11    Int: 17    God:
Gold:   120        SH:  0    Dex: 13    Spells: 5/9 levels left

rFire    . . .     SeeInvis .   (no weapon)
rCold    . . .     Gourm    .   (no shield)
rNeg     + . .     Faith    .   j - +0 ring mail
rPois    .         Spirit   .   (no helmet)
rElec    .         Reflect  .   (no cloak)
rCorr    .         Harm     .   (no gloves)
MR       .....                  (no boots)
Stlth    ..........             m - amulet of rage
Regen    0.0/turn               k - ring of positive energy
MPRegen  0.2/turn               (no ring)

@: berserking, non-regenerating, very quick
A: damage resistance, heal wounds, sense surroundings 1, no regeneration
a: Heal Wounds, Evoke Berserk Rage


You were on level 4 of the Dungeon.
You were very hungry.

You visited 1 branch of the dungeon, and saw 4 of its levels.
You also visited: Sewer.

You collected 120 gold pieces.

Inventory:

Hand Weapons
 r - a cursed -1 scythe
Missiles
 q - 8 javelins (quivered)
Armour
 a - a +0 robe
 j - a +0 ring mail (worn)
 o - a +2 buckler
 s - a +2 robe of magic resistance
Jewellery
 k - a ring of positive energy (left hand)
 m - an amulet of rage (around neck)
Scrolls
 e - 2 scrolls of identify {unknown}
 h - 2 scrolls of teleportation {unknown}
 l - a scroll of remove curse {unknown}
 p - a scroll of enchant armour {unknown}
Potions
 d - a potion of heal wounds {unknown}
 f - 3 potions of degeneration {unknown}
 g - a potion of flight {unknown}
 n - a potion of invisibility {unknown}
 u - a potion of cancellation {unknown}
Books
 b - a book of Necromancy

   Spells                             Type                      Level
   a - Pain                           Necromancy                   1
   b - Animate Skeleton               Necromancy                   1
   c - Vampiric Draining              Necromancy                   3
   d - Regeneration                   Charms/Necromancy            3
   e - Animate Dead                   Necromancy                   4
   f - Control Undead                 Necromancy                   4
 i - a book of Debilitation

   Spells                             Type                      Level
   a - Corona                         Hexes                        1
   b - Slow                           Hexes                        2
   c - Inner Flame                    Hexes/Fire                   3
   d - Portal Projectile              Hexes/Translocation          3
   e - Cause Fear                     Hexes                        4
   f - Leda's Liquefaction            Hexes/Earth                  4
Comestibles
 c - a bread ration
 t - a chunk of flesh


   Skills:
 - Level 2.1 Dodging
 - Level 2.4 Stealth
 - Level 2.1 Spellcasting
 + Level 7.9 Necromancy


You had 5 spell levels left.
You knew the following spells:

 Your Spells              Type           Power        Failure   Level  Hunger
a - Pain                  Necr           ####         1%          1    #......
v - Vampiric Draining     Necr           ####......   4%          3    ###....


Dungeon Overview and Level Annotations

Branches:
Dungeon (4/15)
 Temple: D:4-7

Altars:
Cheibriados
Makhleb
Nemelex Xobeh
Zin

Annotations:
D:4 Menkaure


Innate Abilities, Weirdness & Mutations

You are resistant to damage.
You can heal yourself by infusing magical energy.
You passively map a small area around you.
You do not regenerate.


Message History

[Y]es or [N]o only, please.
Really attack barehanded?
You punch Menkaure!
Menkaure is moderately damaged.
Unknown command.
You hit Menkaure.
Menkaure is heavily damaged.
Menkaure hits you!!
* * * LOW HITPOINT WARNING * * *
You hit Menkaure.
Menkaure is severely damaged.
You barely miss Menkaure.
Menkaure is severely damaged.
Menkaure closely misses you.
You hit Menkaure but do no damage.
Menkaure is severely damaged.
Menkaure whispers, "Let me perform the rites..."
Menkaure casts a spell at you. Pain shoots through your body!
You die...

#..........###.#.#.##,#
#.#####.##.# ##...## ,*
#.##.# ##.#....# #.##.#
#.#.#### * #.##.# #.#.#
* #.#### #.#.# ,,..#_#
#.#.# ###.## #.#.# *,**
* #.@.#####.#.#
*#.M#..#......#
#.###.####...# * , #.
#.# ###.# . #.#### #.#
* , _. #..'.# #.# *##
#.##.# #.# , #.##.###.#
*, #.##.....#


You could see Menkaure.

Vanquished Creatures
  Sigmund (D:4)
  A bullfrog (Sewer)
  2 adders
  A dart slug (D:1)
  5 leopard geckos
  2 ball pythons (Sewer)
  3 bats
  10 giant cockroaches
  A goblin (D:2)
  2 hobgoblins
  A quokka (D:3)
  6 frilled lizards (Sewer)
35 creatures vanquished.

Notes
Turn   | Place    | Note
-------+----------+-------------------------------------------
     0 | D:1      | letownia2 the Deep Dwarf Necromancer began the quest for the Orb.
     0 | D:1      | Reached XP level 1. HP: 15/15 MP: 3/3
   242 | D:3      | Reached XP level 2. HP: 11/22 MP: 0/5
   406 | D:3      | Found a glowing drain.
   442 | D:3      | Reached skill level 5 in Necromancy
   442 | D:3      | Reached XP level 3. HP: 14/28 MP: 0/6
   447 | D:3      | Learned a level 3 spell: Vampiric Draining
   586 | D:3      | Found a burning altar of Makhleb.
   587 | D:3      | Noticed a blizzard demon
   628 | Sewer    | Entered a sewer
  1214 | Sewer    | Noticed a bullfrog
  1230 | Sewer    | Killed a bullfrog
  1230 | Sewer    | Reached skill level 6 in Necromancy
  1230 | Sewer    | Reached XP level 4. HP: 24/36 MP: 0/7
  1519 | D:4      | Noticed Sigmund
  1620 | D:4      | Killed Sigmund
  1620 | D:4      | Reached skill level 7 in Necromancy
  1620 | D:4      | Reached XP level 5. HP: 14/42 MP: 0/8
  1620 | D:4      | Reached XP level 6. HP: 16/49 MP: 0/9
  1779 | D:4      | Found a sparkling altar of Nemelex Xobeh.
  1779 | D:4      | Found a glowing silver altar of Zin.
  1784 | D:4      | Found a snail-covered altar of Cheibriados.
  1784 | D:4      | Noticed Menkaure
  1792 | D:4      | Killed from afar by Menkaure

Skill      XL: |  1  2  3  4 |
---------------+-------------+-----
Spellcasting   | 2 |  2.1
Necromancy     | 5 6 7 |  7.9
Dodging        | |  2.1
Stealth        | |  2.4

Action                   |  1- 3 |  4- 6 || total
-------------------------+-------+-------++-------
Melee: Unarmed           |    18 |     5 ||    23
Throw: Javelin           |       |     8 ||     8
 Cast: Pain              |    54 |    11 ||    65
       Vampiric Draining |     8 |     4 ||    12
 Abil: Evoke Berserk Rag |       |     1 ||     1
  Eat: Chunk             |     3 |     2 ||     5
Armor: Robe              |     1 |       ||     1
       Ring mail         |    13 |     2 ||    15
Dodge: Dodged            |    27 |    10 ||    37
